 Dungeon Crawl Stone Soup version 0.18-a0-1405-g73f4075 (webtiles) character file.

63 Tomstefer the Changer (level 3, -12/29 HPs)
             Began as a Draconian Transmuter on Feb 24, 2016.
             Killed by nerve-wracking pain
             ... invoked by Grinder
              (14 damage)
             ... on level 3 of the Dungeon.
             The game lasted 00:04:43 (2487 turns).

Tomstefer the Changer (Draconian Transmuter)        Turns: 2487, Time: 00:04:44

Health: -12/29     AC:  6    Str: 12    XL:     3   Next: 89%
Magic:  11/15      EV: 12    Int: 13    God:
Gold:   165        SH:  0    Dex: 12    Spells: 1 memorised, 5 levels left

rFire  . . .     SeeInvis .       - Unarmed
rCold  . . .     Gourm    .     (armour unavailable)
rNeg   . . .     Faith    .     (no shield)
rPois  .         Spirit   .     (helmet restricted)
rElec  .         Dismiss  .     h - +0 cloak
rCorr  .         Reflect  .     (no gloves)
SustAt .         Harm     .     (no boots)
MR     .....                    (no amulet)
Stlth  +.........               (no ring)
                                w - ring of magical power

@: appendage (expiring), not resistant to hostile enchantments, very unstealthy
A: unfitting armour, horns 2, cold-blooded, AC +5
a: End Transformation


You were on level 3 of the Dungeon.
You were not hungry.
You had grown temporary horns.
You visited 1 branch of the dungeon, and saw 3 of its levels.

You collected 165 gold pieces.

Inventory:

Missiles
 a - 47 arrows
Armour
 h - a +0 cloak (worn)
Jewellery
 w - a ring of magical power (left hand)
Scrolls
 d - 3 scrolls of remove curse {unknown}
 e - a scroll of random uselessness {unknown}
 f - 2 scrolls of teleportation {unknown}
 j - a scroll of fog {unknown}
 k - a scroll of recharging {unknown}
 l - 4 scrolls of identify {unknown}
 m - a scroll of amnesia {unknown}
 r - a scroll of enchant armour {unknown}
 u - a scroll of magic mapping {unknown}
Potions
 g - a potion of degeneration {unknown}
 n - a potion of cancellation {unknown}
 o - 3 potions of heal wounds {unknown}
 p - 2 potions of curing {unknown}
 s - a potion of flight {unknown}
 v - a potion of mutation {unknown}
Books
 b - a book of Changes

   Spells                             Type                      Level
   a - Beastly Appendage              Transmutation                1
   b - Sticks to Snakes               Transmutation                2
   c - Spider Form                    Transmutation/Poison         3
   d - Ice Form                       Ice/Transmutation            4
   e - Blade Hands                    Transmutation                5
Comestibles
 c - a bread ration
 i - 5 chunks of flesh
 q - 3 fruits
 t - a royal jelly


   Skills:
 - Level 2.1 Fighting
 - Level 1.7 Dodging
 + Level 3.1 Unarmed Combat
 - Level 2.0 Spellcasting
 + Level 3.8 Transmutations


You had 5 spell levels left.
You knew the following spells:

 Your Spells              Type           Power        Failure   Level  Hunger
a - Beastly Appendage     Trmt           ##....       8%          1    ##.....


Dungeon Overview and Level Annotations

Branches:
Dungeon (3/15)

Altars:
Fedhas

Annotations:
D:3 Grinder


Innate Abilities, Weirdness & Mutations

Your plain brown scales are hard (AC +5).
Your body does not fit into most forms of armour.
You are cold-blooded and may be slowed by cold attacks.
You have a pair of horns on your head.


Message History

Grinder barely misses you.
You closely miss Grinder. Your headbutt misses Grinder.
Grinder is moderately wounded.
Grinder hits you.
* * * LOW HITPOINT WARNING * * *
You writhe in agony.
* * * LOW HITPOINT WARNING * * *
You hit Grinder but do no damage. You tail-slap Grinder.
Grinder is moderately wounded.
Grinder says, "DUCK!"
Grinder hits you but does no damage.
You hit Grinder but do no damage. You tail-slap Grinder.
Grinder is heavily wounded.
Grinder gestures.
Grinder blinks!
You closely miss Grinder.
Grinder is moderately wounded.
Grinder gestures at you. Pain shoots through your body!
You die...

## # ##+## .###.#####
##...## .... ....#
##.....## .# #.##..#
##.......##
.###.#...####.........#
............'.....?...+
.#####...####.........#
.# ##..# ##..@5...##
.######..# ##.....##
.........# ##...##
#####.(..# ##+## #....#
#.#### ... )#.# #.#..


You could see Grinder.

Vanquished Creatures
  An adder (D:2)
  An ooze (D:1)
  A worm (D:2)
  2 dart slugs
  A giant gecko (D:1)
  An orc (D:3)
  A ball python (D:1)
  4 giant cockroaches
  2 goblins (D:1)
  6 hobgoblins
  3 bats
  5 giant newts
  8 kobolds
  8 rats
44 creatures vanquished.

Notes
Turn   | Place    | Note
--------------------------------------------------------------
     0 | D:1      | Tomstefer the Draconian Transmuter began the quest for the Orb.
     0 | D:1      | Reached XP level 1. HP: 16/16 MP: 3/3
   519 | D:1      | Reached XP level 2. HP: 23/23 MP: 3/5
  1082 | D:1      | Reached XP level 3. HP: 27/29 MP: 4/6
  2040 | D:2      | Found a blossoming altar of Fedhas.
  2459 | D:3      | Noticed Grinder
  2483 | D:3      | HP: 1/29 [Grinder (4)]
  2487 | D:3      | Killed from afar by Grinder

Vault maps used:
D:1:      minmay_arrival_four_houses, minivault_26, minmay_splitting_lines,
          roderic_roman_lattice
D:2:      nicolae_overflow_hidden_temple
D:3:      tgw_sif, uniq_grinder

Skill      XL: |  1  2  3 |
---------------+----------+-----
Transmutations | 3 |  3.8
Fighting       | 2 |  2.1
Dodging        | |  1.7
Unarmed Combat | |  3.1
Spellcasting   | |  2.0

Action                   || total
-------------------------++-------
Melee: Unarmed           ||   162
 Cast: Beastly Appendage ||    34
  Eat: Chunk             ||     6
